 Dungeon Crawl Stone Soup version 0.25-a0-667-gb977e01cb5 (webtiles) character file.

Game seed: 10681267057822022624, levelgen mode: deterministic

13602 CryoSword the Archer (level 11, -10/99 HPs)
             Began as a Centaur Hunter on Mar 27, 2020.
             Was a Priest of Fedhas.
             Mangled by a thrashing horror (12 damage)
             ... on level 2 of the Abyss.
             The game lasted 01:03:32 (14429 turns).

CryoSword the Archer (Centaur Hunter)              Turns: 14429, Time: 01:03:32

Health: -10/99     AC: 12    Str: 17      XL:     11   Next: 77%
Magic:  14/14      EV:  9    Int:  8 (10) God:    Fedhas [***...]
Gold:   487        SH:  0    Dex: 11      Spells: 10/10 levels left

rFire    + . .     SeeInvis +   a - +1 shortbow
rCold    . . .     Gourm    .   (shield currently unavailable)
rNeg     . . .     Faith    .   R - +2 scale mail {MR+}
rPois    .         Spirit   .   m - +2 hat
rElec    .         Reflect  .   (no cloak)
rCorr    .         Harm     .   I - +0 pair of gloves {archery}
MR       +....                  (no barding)
Stlth    ..........             i - amulet of regeneration
HPRegen  0.66/turn              E - ring of see invisible
MPRegen  0.14/turn              B - +1 ring of slaying

@: studying Charms, very quick
A: large, hooves 3, deformed body, fire resistance 1, speed 2, tough skin 3
a: Wall of Briars, Grow Ballistomycete, Renounce Religion


You were on level 2 of the Abyss.
You worshipped Fedhas.
Fedhas was most pleased with you.
You were very hungry.

You visited 2 branches of the dungeon, and saw 12 of its levels.
You visited the Abyss 1 time.

You collected 796 gold pieces.
You spent 309 gold pieces at shops.

Inventory:

Hand Weapons
 a - a +1 shortbow (weapon)
 b - a +0 trident
   (You took it off an orc on level 3 of the Dungeon)
Missiles
 d - 42 arrows (quivered)
 g - 256 stones
 s - 8 poisoned darts
 Q - 5 silver javelins
Armour
 m - a +2 hat (worn)
   (You found it on level 2 of the Dungeon)
 t - a +0 buckler
   (You found it on level 3 of the Dungeon)
 I - a +0 pair of gloves of archery (worn)
   (You bought it in a shop on level 5 of the Dungeon)
 R - a +2 scale mail of magic resistance (worn)
   (You took it off Urug on level 10 of the Dungeon)
Jewellery
 c - an uncursed ring of magical power {unknown}
   (You found it on level 8 of the Dungeon)
 i - an amulet of regeneration (around neck)
   (You took it off a hobgoblin on level 1 of the Dungeon)
 y - an uncursed ring of flight
   (You found it on level 4 of the Dungeon)
 B - a +1 ring of slaying (right hand)
   (You found it on level 4 of the Dungeon)
 E - a ring of see invisible (left hand)
   (You took it off a crimson imp on level 5 of the Dungeon)
 L - an uncursed ring of poison resistance {unknown}
   (You found it on level 10 of the Dungeon)
Wands
 n - a wand of enslavement (8)
   (You found it on level 2 of the Dungeon)
 o - a wand of paralysis (2)
   (You took it off Maurice on level 9 of the Dungeon)
 p - a wand of iceblast (24)
   (You took it off an orc on level 7 of the Dungeon)
 M - a wand of random effects (21)
   (You found it on level 9 of the Dungeon)
 S - a wand of scattershot (6)
   (You found it on level 10 of the Dungeon)
 T - a wand of polymorph (10)
   (You found it on level 10 of the Dungeon)
Scrolls
 e - 6 scrolls of identify {@r1}
 j - 4 scrolls of fear
 k - 8 scrolls of remove curse {@r2}
 l - a scroll of blinking
 q - 2 scrolls of fog
 r - a scroll of amnesia
 v - 2 scrolls of magic mapping
 z - 4 scrolls of enchant weapon {unknown}
 D - 2 scrolls of immolation {unknown}
 G - 2 scrolls of teleportation {unknown}
 H - a scroll of brand weapon {unknown}
 U - a scroll of random uselessness {unknown}
Potions
 u - a potion of lignification {!q}
 w - 3 potions of curing {@q1}
 x - 3 potions of brilliance
 A - a potion of mutation {unknown}
 C - a potion of ambrosia {unknown}
 F - 2 potions of magic
 J - a potion of degeneration {unknown}
 K - 2 potions of stabbing {unknown}
 N - a potion of berserk rage {unknown}
 O - a potion of heal wounds {@q2}
 P - a potion of haste {unknown}
 V - a potion of might
Books
 h - a manual of Charms {!d}
   (You found it on level 8 of the Dungeon)
Comestibles
 f - 17 rations {!d}


   Skills:
 * Level 9.9 Fighting
 + Level 5.4 Polearms
 + Level 14.8 Bows
 + Level 5.9 Armour
 + Level 3.8 Dodging
 - Level 0.4 Stealth
 * Level 5.2 Invocations


You had 10 spell levels left.
You didn't know any spells.
Your spell library contained the following spells:

 Spells                   Type           Power        Failure   Level  Hunger
 Foxfire                  Conj/Fire      #...         78%         1    ##.....
 Conjure Flame            Conj/Fire      #.......     98%         3    ####...
 Inner Flame              Hex/Fire       #.......     98%         3    ####...
 Sticky Flame             Conj/Fire      #.......     100%        4    #####..
 Fireball                 Conj/Fire      #.........   100%        5    ######.


Dungeon Overview and Level Annotations

Branches:
Dungeon (11/15)            Temple (1/1) D:7            Lair (0/6) D:8
    Orc (0/2) D:10

Altars:
Ashenzari
Elyvilon
Fedhas
Gozag
Okawaru
Qazlal
Ru
Sif Muna
Trog
Vehumet
Wu Jian
Xom
Zin
The Shining One

Shops:
D:4 }*   D:5 %[

Annotations:
D:6 2 transporters, iamserjio's ghost, novice OpTm


Innate Abilities, Weirdness & Mutations

You have hooves in place of feet.
Armour fits poorly on your strangely shaped body.
You cover ground very quickly.
You have extremely tough skin. (AC +3)
Your flesh is heat resistant. (rF+)


Message History

The naga warrior is lightly wounded.
You feel sick.
The guardian serpent casts a spell at you.
You resist with almost no effort.
Firing (i - inventory. (/) - cycle)
d - 46 arrows (quivered)
Press: ? - help, Shift-Dir - straight line, f/p - guardian serpent
Aim: a guardian serpent (severely wounded)
You shoot an arrow. The arrow hits the guardian serpent!
You kill the guardian serpent!
Fedhas accepts your kill.
You feel sick. The naga warrior spits poison at you.
The splash of poison hits you!
You are more poisoned.
You feel sick.
You feel sick.
You feel sick.
You feel sick.
You feel sick.
You feel sick.
You feel sick.
You feel sick.
You feel sick.
You feel sick.
You feel sick.
You feel sick.
You feel sick.
You feel sick.
You feel sick.
You feel sick.
A large abomination comes into view.
A large abomination comes into view.
You feel sick.
A sixfirhy comes into view.
A jiangshi comes into view.
You feel sick.
You are no longer poisoned.
The jiangshi claws you!
The jiangshi draws strength from your injuries!
The jiangshi claws you.
The jiangshi draws strength from your injuries!
The jiangshi claws you but does no damage. x2
The large abomination hits you!!
* * * LOW HITPOINT WARNING * * *
A vampire mage comes into view.
A smoke demon comes into view.
The smoke demon roars!
Found a potion of might.
V - a potion of might
Found 21 stones.
A neqoxec comes into view.
The neqoxec shouts!
A thrashing horror comes into view.
The neqoxec gestures at you.
Something tries to feed on your intellect!
The thrashing horror moves out of view.
You enter the shallow water.
Moving in this stuff is going to be slow.
The neqoxec gestures at you.
You feel dopey. Something feeds on your intellect!
You enter the shallow water.
Moving in this stuff is going to be slow.
The jelly quivers.
Why would you want to do that?
You enter the shallow water.
Moving in this stuff is going to be slow.
The neqoxec gestures.
The thrashing horror tramples you.
You hold your ground!
The thrashing horror misses you.
The thrashing horror roars!
The ufetubus shouts!
The thrashing horror tramples you.
You hold your ground!
The thrashing horror tramples you but does no damage.
The thrashing horror roars!
The thrashing horror tramples you but does no damage. x2
The white imp shouts, "Abandon hope, thou qualling guts-griping ratsbane!"
The thrashing horror roars!
The thrashing horror tramples you but does no damage.
The thrashing horror tramples you.
You stumble backwards!
The neqoxec gestures at you.
Strange energies course through your body.
You feel resistant to heat.
The white imp shouts, "Scamper home, thou currish crook-pated nightmare!"
You enter the shallow water.
Moving in this stuff is going to be slow.
The thrashing horror tramples you!
* * * LOW HITPOINT WARNING * * *
You stumble backwards!
Splash!
The thrashing horror tramples you.
* * * LOW HITPOINT WARNING * * *
You hold your ground!
The thrashing horror tramples you.
* * * LOW HITPOINT WARNING * * *
You hold your ground!
The thrashing horror tramples you but does no damage.
The thrashing horror barely misses you. The thrashing horror tramples you!
* * * LOW HITPOINT WARNING * * *
You stumble backwards!
The thrashing horror roars!
The thrashing horror tramples you.
* * * LOW HITPOINT WARNING * * *
You hold your ground!
The thrashing horror tramples you.
* * * LOW HITPOINT WARNING * * *
You hold your ground!
You enter the shallow water.
Moving in this stuff is going to be slow.
The thrashing horror barely misses you. x2
The white imp gestures at you.
The puff of frost hits you but does no damage.
The thrashing horror tramples you!
* * * LOW HITPOINT WARNING * * *
You hold your ground!
The thrashing horror tramples you but does no damage.
The thrashing horror roars!
The thrashing horror tramples you but does no damage. x2
You are too injured to fight recklessly!
You are too injured to fight recklessly!
You are too injured to fight recklessly!
The thrashing horror barely misses you. x2
Firing (i - inventory. (/) - cycle)
d - 45 arrows (quivered)
Press: ? - help, Shift-Dir - straight line, f - thrashing horror
Aim: a thrashing horror You shoot an arrow.
The arrow closely misses the thrashing horror.
The arrow hits the jelly!
The jelly is heavily wounded.
The thrashing horror tramples you.
* * * LOW HITPOINT WARNING * * *
You stumble backwards!
Firing (i - inventory. (/) - cycle)
d - 44 arrows (quivered)
Press: ? - help, Shift-Dir - straight line, f/p - thrashing horror
Aim: a thrashing horror You shoot an arrow.
The arrow closely misses the thrashing horror.
The thrashing horror tramples you.
* * * LOW HITPOINT WARNING * * *
You stumble backwards!
Firing (i - inventory. (/) - cycle)
d - 43 arrows (quivered)
Press: ? - help, Shift-Dir - straight line, f/p - thrashing horror
Aim: a thrashing horror You shoot an arrow.
The arrow hits the thrashing horror!
The thrashing horror is moderately damaged.
The thrashing horror tramples you!
* * * LOW HITPOINT WARNING * * *
You stumble backwards!
The thrashing horror tramples you!
You die...
Fedhas appreciates your contribution to the ecosystem.

..#...#.## ...... .#
.#.# ... #..... ... ≈
..# .. # #.. ≈#.### .#
.#.. ≈.X ###≈# #..## ≈
♣♣≈≈≈≈# #.≈≈ #
.##≈≈#########≈#######
......J.......(X@...≈...
.############≈#≈####≈###
##..≈≈ ..###≈≈≈ ##.
.#... . . ## ## #. ##


You could see a thrashing horror.

Vanquished Creatures
  2 two-headed ogres (D:9)
  3 death yaks (D:8)
  Urug (D:10)
  A cyclops (D:9)
  A guardian serpent (Abyss:2)
  Maurice (D:9)
  Joseph (D:9)
  A centaur skeleton (D:10)
  A troll (D:9)
  3 slime creatures (D:7)
  2 hippogriffs (D:9)
  A spriggan (D:8)
  A wyvern (D:9)
  11 yaks
  A vampire mosquito (D:10)
  A soldier ant (D:8)
  A water moccasin (D:10)
  2 ice beasts
  3 sky beasts
  An orc warrior (D:9)
  4 black bears
  3 phantoms
  An eye of draining (D:10)
  10 ogres
  3 centaurs
  4 big kobolds
  5 bullfrogs
  A wyvern zombie (D:10)
  A wyvern skeleton (D:7)
  2 scorpions (D:7)
  4 killer bees
  2 howler monkeys
  3 wights
  2 crimson imps
  A bullfrog zombie (D:6)
  2 quasits
  A bullfrog skeleton (D:4)
  2 jellies
  2 hounds
  9 orc wizards
  5 orc priests
  4 iguanas
  Ijyb (D:3)
  7 worker ants
  A hound skeleton (D:11)
  2 worker ant zombies
  21 adders
  2 shadow imps
  An ufetubus (Abyss:2)
  An ooze (D:3)
  2 adder zombies
  5 worms
  A dart slug (D:1)
  11 leopard geckos
  34 orcs
  8 bats
  7 giant cockroaches
  9 goblins
  10 hobgoblins
  12 jackals
  5 quokkas
  2 ball pythons
  8 frilled lizards
  15 kobolds
  A leopard gecko zombie (D:4)
  11 rats
287 creatures vanquished.

Vanquished Creatures (collateral kills)
  An orc warrior (D:8)
1 creature vanquished.

Vanquished Creatures (others)
  2 quokkas (D:8)
2 creatures vanquished.

Grand Total: 290 creatures vanquished

Notes
Turn   | Place    | Note
-------+----------+-------------------------------------------
     0 | D:1      | CryoSword the Centaur Hunter began the quest for the Orb.
     0 | D:1      | Reached XP level 1. HP: 17/17 MP: 1/1
    81 | D:1      | Reached XP level 2. HP: 21/24 MP: 2/2
   219 | D:1      | Reached skill level 6 in Bows
   359 | D:1      | Reached XP level 3. HP: 29/30 MP: 3/3
  1051 | D:2      | Reached XP level 4. HP: 37/37 MP: 4/4
  1188 | D:2      | Reached skill level 7 in Bows
  1653 | D:3      | You fall into a shaft and drop 3 floors!
  1653 | D:6      | Noticed a black bear
  1667 | D:5      | Entered Level 5 of the Dungeon
  1669 | D:5      | Noticed an ogre
  1758 | D:3      | Noticed Ijyb
  1845 | D:3      | Killed Ijyb
  1845 | D:3      | Reached XP level 5. HP: 45/45 MP: 5/5
  2113 | D:3      | Reached skill level 8 in Bows
  2746 | D:4      | Noticed an ogre
  2800 | D:3      | Killed an ogre
  2800 | D:3      | Reached XP level 6. HP: 51/52 MP: 6/6
  2865 | D:4      | Reached skill level 1 in Armour
  2876 | D:4      | Reached skill level 9 in Bows
  3237 | D:4      | Reached XP level 7. HP: 50/60 MP: 7/7
  3272 | D:4      | Found Jusebo's Gadget Boutique.
  3507 | D:4      | Found Ufios's Assorted Antiques.
  3515 | D:4      | Bought a fuming yellow potion for 18 gold pieces
  3515 | D:4      | Bought a scroll of identify for 42 gold pieces
  3515 | D:4      | Bought a sapphire potion for 18 gold pieces
  3515 | D:4      | Bought a scroll of remove curse for 63 gold pieces
  3515 | D:4      | Bought a scroll of identify for 42 gold pieces
  3567 | D:4      | Found a sacrificial altar of Ru.
  4003 | D:4      | Reached skill level 10 in Bows
  4182 | D:4      | Reached skill level 5 in Fighting
  4669 | D:5      | Found Loungups's Food Shop.
  4838 | D:5      | Reached XP level 8. HP: 68/68 MP: 8/8
  5090 | D:5      | Found Qetew's Armour Boutique.
  5220 | D:5      | Reached skill level 11 in Bows
  5228 | D:5      | Found a bloodstained altar of Trog.
  5940 | D:6      | Noticed iamserjio's ghost (novice OpTm)
  5976 | D:6      | Found a transporter.
  5977 | D:6      | Found a transporter.
  6311 | D:5      | Bought a +0 pair of gloves of archery for 126 gold pieces
  6404 | D:7      | Reached skill level 12 in Bows
  6460 | D:7      | Reached XP level 9. HP: 78/78 MP: 9/9
  6489 | D:7      | Found a staircase to the Ecumenical Temple.
  6498 | Temple   | Entered the Ecumenical Temple
  6591 | Temple   | Became a worshipper of Fedhas Madash
  6764 | D:7      | Found a stormy altar of Qazlal.
  7047 | D:7      | Reached skill level 13 in Bows
  7150 | D:7      | Reached * piety under Fedhas
  8574 | D:8      | Found a white marble altar of Elyvilon.
  8849 | D:8      | Reached skill level 1 in Invocations
  8854 | D:8      | Reached XP level 10. HP: 86/86 MP: 10/10
  8890 | D:8      | Reached skill level 14 in Bows
  8925 | D:8      | Reached ** piety under Fedhas
  8947 | D:8      | Noticed a death yak
  8949 | D:8      | Noticed a death yak
  9024 | D:8      | Noticed a death yak
  9173 | D:8      | Found a staircase to the Lair.
  9440 | D:8      | Killed a death yak
  9440 | D:8      | Reached skill level 1 in Polearms
  9440 | D:8      | Reached skill level 5 in Armour
  9478 | D:8      | Killed a death yak
 10143 | D:8      | Found a white marble altar of Elyvilon.
 10297 | D:8      | Found a staircase to the Lair.
 10340 | D:8      | Killed a death yak
 10683 | D:9      | Noticed a cyclops
 10745 | D:9      | Noticed a two-headed ogre
 10747 | D:9      | Noticed a two-headed ogre
 10754 | D:9      | Killed a two-headed ogre
 10765 | D:9      | Killed a two-headed ogre
 10765 | D:9      | Reached XP level 11. HP: 95/95 MP: 13/13
 11431 | D:9      | Noticed Maurice
 11433 | D:9      | Paralysed by Maurice for 4 turns
 11460 | D:9      | Paralysed by Maurice for 6 turns
 11567 | D:9      | Found a shimmering blue altar of Sif Muna.
 11567 | D:9      | Found a glowing silver altar of Zin.
 11569 | D:9      | Found an iron altar of Okawaru.
 11639 | D:9      | Found a shimmering altar of Xom.
 11944 | D:9      | Found a shattered altar of Ashenzari.
 11963 | D:9      | Noticed Joseph
 12225 | D:9      | Killed Joseph
 12343 | D:9      | Found a shimmering altar of Xom.
 12343 | D:9      | Found a shimmering altar of Xom.
 12343 | D:9      | Found a shimmering altar of Xom.
 12347 | D:9      | Found a shimmering altar of Xom.
 12348 | D:9      | Found a shimmering altar of Xom.
 12353 | D:9      | Found a shimmering altar of Xom.
 12522 | D:9      | Killed Maurice
 12576 | D:10     | Entered Level 10 of the Dungeon
 12751 | D:10     | Reached skill level 5 in Polearms
 12761 | D:10     | Found a staircase to the Orcish Mines.
 12884 | D:10     | Reached *** piety under Fedhas
 12981 | D:10     | Noticed Urug
 13287 | D:10     | Killed Urug
 13488 | D:10     | Reached skill level 5 in Invocations
 14200 | D:11     | Noticed a wizard
 14206 | D:11     | Cast into level 2 of the Abyss (a wizard)
 14285 | Abyss:2  | Noticed a naga warrior
 14337 | Abyss:2  | Noticed a large abomination
 14343 | Abyss:2  | Noticed a sixfirhy
 14345 | Abyss:2  | Noticed a jiangshi
 14361 | Abyss:2  | Noticed a vampire mage
 14391 | Abyss:2  | Noticed a thrashing horror
 14405 | Abyss:2  | Noticed a thrashing horror
 14409 | Abyss:2  | Gained mutation: Your flesh is heat resistant. (rF+) [a
                  | neqoxec]
 14429 | Abyss:2  | HP: 2/99 [thrashing horror (10)]
 14429 | Abyss:2  | Mangled by a thrashing horror

Levels and vault maps discovered:
D:1:      roderic_chinese_lattice_arrival, layout_rooms
D:2:      layout_rooms, first_ration
D:3:      layout_basic, uniq_ijyb
D:4:      cheibrodos_barr_body, layout_basic, lemuel_coloured_pillars_altar,
          serial_shops, shop_statue, shop, serial_glass, glass_columns_a,
          glass_columns_b, glass_columns_a, glass_columns_c, glass_columns_c,
          glass_columns_b, glass_columns_a, glass_columns_a, glass_columns_c,
          glass_columns_b, glass_columns_a, glass_columns_a, glass_columns_b,
          glass_columns_b, kennysheep_generic_room_8
D:5:      layout_loops_ring, marbit_many_paths, serial_shops, shop,
          nicolae_shop_behind_doors
D:6:      layout_loops_ring, gammafunk_ghost_arena
D:7:      layout_loops_cross, minmay_temple_entry_mini_moons,
          nicolae_qazlal_general_emergency
D:8:      layout_loops_ring, elyvilon_altar_4, dpeg_lair_monsters, the_bakery,
          grunt_decor_one_mirror, minmay_manual_mail
D:9:      layout_grid_maze, xom_shifter_show, gammafunk_temple_overflow_claw,
          nicolae_overflow_hidden_temple, uniq_maurice, uniq_joseph
D:10:     layout_roguey, orc_0_dummy, minmay_fractal_squares_gapless_7,
          uniq_urug
D:11:     minmay_weird_star, layout_basic
Temple:   minmay_temple_curvy_branch
Abyss:2:  base: D:3, evilmike_abyss_exit_14, kilobyte_mutagenic_chamber

Skill      XL: |  1  2  3  4  5  6  7  8  9 10 11 |
---------------+----------------------------------+-----
Bows           | 6 7 8 9 10 12 13 14 | 14.8
Fighting       | 3 4 5 6 7 8 9 |  9.9
Armour         | 1 2 3 4 5 |  5.9
Invocations    | 1 3 5 |  5.2
Dodging        | 3 |  3.8
Polearms       | 3 5 |  5.4
Stealth        | |  0.4

Action                   |  1- 3 |  4- 6 |  7- 9 | 10-12 || total
-------------------------+-------+-------+-------+-------++-------
Melee: Short sword       |    85 |       |       |       ||    85
       Kick              |    24 |    36 |    36 |       ||    96
       Dagger            |    17 |   154 |       |       ||   171
       Trident           |       |    62 |   211 |    20 ||   293
 Fire: Shortbow          |    20 |    83 |   360 |   540 ||  1003
Throw: Stone             |     4 |    12 |    25 |     3 ||    44
Invok: Wall of Briars    |       |       |       |     2 ||     2
  Use: Scroll            |     1 |     5 |     9 |       ||    15
       Potion            |       |       |     4 |     1 ||     5
  Eat: Chunk             |       |     5 |    12 |     7 ||    24
       Ration            |       |       |     1 |     1 ||     2
Armor: Leather armour    |    54 |   106 |       |     9 ||   169
       Scale mail        |       |    38 |    68 |    78 ||   184
       Ring mail         |       |       |    95 |       ||    95
       Skin              |       |       |    63 |       ||    63
Dodge: Dodged            |    50 |   118 |   132 |    44 ||   344

Table legend:
 A = Non-vault XP
 B = Vault XP
 C = Vault XP percentage of total XP
 D = Non-vault monster count
 E = Vault monster count
 F = Vault count percentage of total count
                 A         B        C        D         E       F
            +---------+---------+-------+---------+---------+-------
      Total |   12572 |    6860 |  35.3 |     255 |      33 |  11.5
            +---------+---------+-------+---------+---------+-------
        D:1 |      71 |       0 |   0.0 |      32 |       0 |   0.0
        D:2 |      71 |       0 |   0.0 |      31 |       0 |   0.0
        D:3 |     322 |      49 |  13.2 |      27 |       2 |   6.9
        D:4 |     403 |     286 |  41.5 |      16 |      10 |  38.5
        D:5 |     789 |      33 |   4.0 |      19 |       1 |   5.0
        D:6 |     542 |       0 |   0.0 |      20 |       0 |   0.0
        D:7 |    2171 |       3 |   0.1 |      33 |       1 |   2.9
        D:8 |    1667 |    4213 |  71.6 |      24 |      12 |  33.3
        D:9 |    4757 |     908 |  16.0 |      33 |       2 |   5.7
       D:10 |    1042 |    1368 |  56.8 |      12 |       5 |  29.4
       D:11 |     215 |       0 |   0.0 |       6 |       0 |   0.0
    Abyss:2 |     522 |       0 |   0.0 |       2 |       0 |   0.0
            +---------+---------+-------+---------+---------+-------
